 Dungeon Crawl Stone Soup version 0.21-a0-286-g6fcecc0 (webtiles) character file.

3273 tidbits the Grappler (level 9, -11/75 HPs)
             Began as a Purple Draconian Skald on Sept 25, 2017.
             Was a Priest of Cheibriados.
             Mangled by a troll (12 damage)
             ... on level 9 of the Dungeon.
             The game lasted 00:33:23 (2435 turns).

tidbits the Grappler (Purple Draconian Skald)       Turns: 2435, Time: 00:33:24

Health: -11/75     AC:  9    Str: 20    XL:     9   Next: 68%
Magic:  0/13       EV: 16    Int: 24    God:    Cheibriados [***...]
Gold:   169        SH:  0    Dex: 20    Spells: 4/12 levels left

rFire    . . .     SeeInvis +     - Unarmed
rCold    . . .     Gourm    .   (no shield)
rNeg     + . .     Faith    .   (armour unavailable)
rPois    .         Spirit   .   (helmet restricted)
rElec    .         Reflect  .   C - +1 cloak
rCorr    .         Harm     .   (no gloves)
MR       +....                  (no boots)
Stlth    ++........             (no amulet)
HPRegen  0.22/turn              g - ring of positive energy
MPRegen  0.13/turn              (no ring)

@: infused (expiring), very slow
A: breathe power, unfitting armour, hooves 1, see invisible, agile 1,
cold-blooded, MP-powered wands, AC +7
a: Breathe Dispelling Energy, Bend Time, Temporal Distortion, Renounce Religion


You were on level 9 of the Dungeon.
You worshipped Cheibriados.
Cheibriados was most pleased with you.
You were very hungry.

You visited 2 branches of the dungeon, and saw 10 of its levels.

You collected 169 gold pieces.

Inventory:

Hand Weapons
 d - a +0 hunting sling
Missiles
 e - 37 arrows
 j - 32 stones
 m - 8 javelins (quivered)
Armour
 C - a +1 cloak (worn)
Magical Staves
 r - an uncursed staff of earth
   (You found it on level 6 of the Dungeon)
Jewellery
 g - a ring of positive energy (left hand)
   (You found it on level 1 of the Dungeon)
Wands
 n - a wand of iceblast (0/15)
 p - a wand of iceblast (0/15)
Scrolls
 l - 2 scrolls of remove curse
 q - a scroll of immolation
 s - 2 scrolls of identify
 v - a scroll of magic mapping
Potions
 f - a potion of haste
 h - a potion of brilliance
 t - a potion of degeneration
Books
 a - a book of Battle

   Spells                             Type                      Level
   a - Infusion                       Charms                       1
   b - Shroud of Golubria             Charms/Translocation         2
   c - Song of Slaying                Charms                       2
   d - Spectral Weapon                Hexes/Charms                 3
   e - Regeneration                   Charms/Necromancy            3
Comestibles
 b - 2 bread rations
 i - a royal jelly
 k - 5 meat rations


   Skills:
 + Level 6.0 Fighting
 + Level 5.3 Dodging
 * Level 9.9 Unarmed Combat
 - Level 2.4 Spellcasting
 - Level 3.2 Charms
 - Level 2.5 Necromancy
 - Level 5.7 Invocations


You had 4 spell levels left.
You knew the following spells:

 Your Spells              Type           Power        Failure   Level  Hunger
g - Shroud of Golubria    Chrm/Tloc      ##........   9%          2    ##.....
i - Infusion              Chrm           ###.         3%          1    None
r - Regeneration          Chrm/Necr      ###.......   11%         3    ###....
y - Song of Slaying       Chrm           ###.....     4%          2    ##.....


Dungeon Overview and Level Annotations

Branches:
Dungeon (9/15)             Temple (1/1) D:4
   Lair: D:8-11         Orc: D:9-12

Altars:
Ashenzari
Cheibriados
Dithmenos
Elyvilon
Fedhas
Gozag
Hepliaklqana
Kikubaaqudgha
Okawaru
Qazlal
Sif Muna
Trog
Zin


Innate Abilities, Weirdness & Mutations

You can breathe bolts of dispelling energy.
Your rich purple scales are hard. (AC +7)
You cannot fit into any form of body armour.
You are cold-blooded and may be slowed by cold attacks.
You have large cloven feet.
You have supernaturally acute eyesight. (SInv)
You are agile. (Dex +2)
You expend magic power (3 MP) to strengthen your wands.


Message History

You throw a javelin. The javelin hits the hornet.
The hornet is moderately wounded.
The hornet stings you!
You feel yourself slow down.
Your shroud falls apart!
The hornet stings you.
You feel as though you will be slow longer.
You punch the hornet! Your kick misses the hornet.
You tail-slap the hornet, but do no damage.
The hornet is heavily wounded.
The hornet stings you but does no damage.
The hornet stings you!
You are poisoned.
You suddenly lose the ability to move!
You feel sick. The hornet stings you!
* * * LOW HITPOINT WARNING * * *
You shrug off the repeated paralysis!
You feel sick. The hornet stings you!
* * * LOW HITPOINT WARNING * * *
You are more poisoned.
You feel as though you will be slow longer.
The hornet stings you but does no damage.
You can move again.
Unknown command.
Okay, then.
Okay, then.
Press: ? - help, Shift-Dir - straight line, f/p - hippogriff
Aim: a hippogriff You breathe a bolt of dispelling energy.
The bolt of dispelling energy hits the hornet.
The hornet is severely wounded.
The bolt of dispelling energy hits the troll.
The troll is lightly wounded.
The bolt of dispelling energy hits the hippogriff.
The hippogriff is moderately wounded.
You feel somewhat more hungry.
You feel sick. The hornet misses you. x2
You feel better. The hornet barely misses you.
The hornet completely misses you.
You hit the hornet. Your kick misses the hornet.
The hornet is severely wounded.
The hornet misses you. The hornet barely misses you.
You hit the hornet. You tail-slap the hornet.
The hornet is almost dead.
The hornet stings you.
* * * LOW HITPOINT WARNING * * *
You feel as though you will be slow longer.
The hornet misses you.
Okay, then.
You punch the hornet!
You kill the hornet!
Cheibriados thoroughly appreciates the change of pace.
Okay, then.
The flow of time bends around you.
Cheibriados rebukes the troll.
The troll seems to slow down.
You feel slightly more hungry.
You feel yourself speed up.
You have got your breath back.
The troll barely misses you. The troll claws you.
* * * LOW HITPOINT WARNING * * *
The troll misses you.
You hit the troll. Your kick misses the troll.
The troll is lightly wounded.
The troll closely misses you. x2; The troll claws you.
* * * LOW HITPOINT WARNING * * *
You hit the troll but do no damage. You kick the troll, but do no damage.
The troll is lightly wounded.
You punch the troll! You kick the troll.
The troll is moderately wounded.
The troll bites you!
* * * LOW HITPOINT WARNING * * *
The troll misses you. The troll barely misses you.
You warp the flow of time around you!
You are feeling very hungry.
Okay, then.
Okay, then.
You punch the hippogriff!
You tail-slap the hippogriff, but do no damage.
You punch the hippogriff!
The hippogriff is severely wounded.
The hippogriff misses you. The hippogriff pecks you.
* * * LOW HITPOINT WARNING * * *
The hippogriff completely misses you.
You punch the hippogriff!
You kill the hippogriff!
Cheibriados appreciates the change of pace.
Your Fighting skill increases to level 6!
Okay, then.
Throwing (i - inventory. (,) - cycle):
m - 9 javelins (quivered)
Press: ? - help, Shift-Dir - straight line, f - troll
Aim: a troll (moderately wounded)
You throw a javelin. The javelin hits the troll!
The troll is heavily wounded.
Your magical infusion is running out.
The troll closely misses you. x3
You don't have enough magic at the moment.
Okay, then.
Okay, then.
You closely miss the troll. Your kick misses the troll.
The troll is heavily wounded.
The troll bites you!
You die...

+ ###+###### ..
#?.......# ...
#........# ....
#<.......#### .....
#.....)..'..####..[...
#........##(T@('..(...
#........#######......
#........# .....
########## .... ###


You could see a troll.

Vanquished Creatures
  A two-headed ogre (D:8)
  The ghost of p0werm0de the Insei, a novice TeAE of Cheibriados (D:5)
  A hornet (D:9)
  2 hippogriffs
  A water moccasin (D:5)
  An ice beast (D:5)
  A black bear (D:7)
  A necrophage (D:8)
  3 phantoms
  A centaur (D:8)
  Blork the orc (D:6)
  2 bullfrogs (D:7)
  A water moccasin zombie (D:5)
  3 killer bees (D:7)
  2 howler monkeys (D:6)
  2 crimson imps
  A bullfrog skeleton (D:5)
  An orc priest (D:8)
  4 hounds
  A jelly (D:5)
  An iguana (D:7)
  3 orc wizards
  A worker ant (D:7)
  A killer bee zombie (D:7)
  A howler monkey zombie (D:5)
  A worker ant zombie (D:5)
  2 gnolls (D:4)
  An adder (D:4)
  2 shadow imps
  2 oozes
  An adder zombie (D:2)
  A worm (D:4)
  A leopard gecko (D:4)
  7 orcs
  2 giant cockroaches (D:5)
  A hobgoblin (D:3)
  13 jackals
  4 kobolds
  3 quokkas
  2 bats (D:1)
  4 frilled lizards
  A leopard gecko skeleton (D:2)
  5 rats
91 creatures vanquished.

Notes
Turn   | Place    | Note
-------+----------+-------------------------------------------
     0 | D:1      | tidbits the Draconian Skald began the quest for the Orb.
     0 | D:1      | Reached XP level 1. HP: 17/17 MP: 3/3
   226 | D:2      | Reached XP level 2. HP: 24/24 MP: 0/5
   240 | D:2      | Reached skill level 3 in Unarmed Combat
   260 | D:1      | Learned a level 2 spell: Shroud of Golubria
   375 | D:4      | Reached XP level 3. HP: 18/29 MP: 3/6
   440 | D:4      | Found a staircase to the Ecumenical Temple.
   450 | Temple   | Entered the Ecumenical Temple
   467 | Temple   | Became a worshipper of Cheibriados the Contemplative
   587 | D:2      | Learned a level 3 spell: Regeneration
   672 | D:4      | Reached skill level 1 in Necromancy
   702 | D:4      | Reached XP level 4. HP: 36/36 MP: 2/7
   711 | D:5      | Entered Level 5 of the Dungeon
   775 | D:5      | Reached skill level 2 in Necromancy
   787 | D:5      | Reached * piety under Cheibriados
   811 | D:5      | Reached skill level 4 in Unarmed Combat
   811 | D:5      | Reached XP level 5. HP: 41/41 MP: 0/8
   819 | D:5      | Found a shattered altar of Ashenzari.
   823 | D:5      | Noticed an ice beast
   844 | D:5      | Killed an ice beast
   844 | D:5      | Reached skill level 5 in Unarmed Combat
   892 | D:5      | Found a deep blue altar of Sif Muna.
   892 | D:5      | Found a shadowy altar of Dithmenos.
   918 | D:5      | Reached XP level 6. HP: 35/48 MP: 7/9
   987 | D:5      | Reached skill level 6 in Unarmed Combat
  1107 | D:5      | Noticed p0werm0de's ghost (novice TeAE)
  1109 | D:5      | Noticed a water moccasin
  1115 | D:5      | Gained mutation: You occasionally shout uncontrollably at your foes. [potion of mutation]
  1115 | D:5      | Gained mutation: Your magical capacity is low. (-10% MP) [potion of mutation]
  1115 | D:5      | Gained mutation: You are resistant to hostile enchantments. (MR+) [potion of mutation]
  1115 | D:5      | Gained mutation: You have supernaturally acute eyesight. (SInv) [potion of mutation]
  1117 | D:5      | Killed a water moccasin
  1118 | D:5      | HP: 5/50 [p0werm0de's ghost (6)]
  1119 | D:5      | HP: 1/50 [p0werm0de's ghost/zap (4)]
  1120 | D:5      | Killed p0werm0de's ghost
  1120 | D:5      | Reached skill level 3 in Fighting
  1120 | D:5      | Reached skill level 3 in Dodging
  1120 | D:5      | Reached skill level 7 in Unarmed Combat
  1120 | D:5      | Your scales start taking on a rich purple colour.
  1120 | D:5      | Reached skill level 3 in Charms
  1120 | D:5      | Reached XP level 7. HP: 2/57 MP: 5/9
  1354 | D:6      | Found an opulent altar of Gozag.
  1414 | D:6      | Noticed Blork the orc
  1432 | D:6      | Killed Blork the orc
  1432 | D:6      | Reached skill level 4 in Fighting
  1432 | D:6      | Reached XP level 8. HP: 53/66 MP: 4/10
  1513 | D:7      | Reached skill level 8 in Unarmed Combat
  1652 | D:6      | Reached ** piety under Cheibriados
  1685 | D:6      | Reached skill level 1 in Invocations
  1740 | D:6      | Found a blossoming altar of Fedhas.
  1840 | D:7      | Reached skill level 2 in Invocations
  1854 | D:7      | Noticed a hippogriff
  1869 | D:7      | Killed a hippogriff
  1869 | D:7      | Reached skill level 4 in Invocations
  1942 | D:8      | Reached skill level 5 in Invocations
  1965 | D:7      | Reached skill level 4 in Dodging
  2164 | D:8      | Noticed a two-headed ogre
  2182 | D:7      | Reached XP level 9. HP: 40/72 MP: 9/11
  2235 | D:7      | Lost mutation: Your magical capacity is low. (-10% MP) [potion of mutation]
  2235 | D:7      | Lost mutation: You are resistant to hostile enchantments. (MR+) [potion of mutation]
  2235 | D:7      | Lost mutation: You occasionally shout uncontrollably at your foes. [potion of mutation]
  2235 | D:7      | Gained mutation: You expend magic power (3 MP) to strengthen your wands. [potion of mutation]
  2235 | D:7      | Gained mutation: You are agile. (Dex +2) [potion of mutation]
  2235 | D:7      | Gained mutation: You have large cloven feet. [potion of mutation]
  2275 | D:8      | Noticed a kobold demonologist
  2311 | D:7      | Reached *** piety under Cheibriados
  2357 | D:8      | Killed a two-headed ogre
  2357 | D:8      | Reached skill level 5 in Fighting
  2357 | D:8      | Reached skill level 5 in Dodging
  2357 | D:8      | Reached skill level 9 in Unarmed Combat
  2362 | D:8      | Learned a level 2 spell: Song of Slaying
  2411 | D:9      | Noticed a troll
  2420 | D:9      | Paralysed by a hornet for 3 turns
  2431 | D:9      | HP: 4/75 [troll (7)]
  2432 | D:9      | HP: 1/75 [hippogriff (3)]
  2433 | D:9      | Reached skill level 6 in Fighting
  2435 | D:9      | Mangled by a troll

Vault maps used:
D:1:      enne_arrival_octagon_isle
D:2:      serial_undead, serial_undead_d, serial_undead_c, serial_undead_a,
          serial_undead_c
D:3:      nicolae_overflow_crystal_walls
D:4:      lemuel_castle_with_subvaults, minmay_temple_entry_crystal_x,
          first_bread
D:5:      gammafunk_temple_overflow_elements, cheibrodos_ashenzari_chains
D:6:      nicolae_gozag_seed_capital, grunt_ministairs_11, fedhas_altar_1,
          uniq_blork_the_orc
D:7:      serial_shops, nicolae_shop_waterfront
D:8:      nicolae_ru_great_annihilating_truth, david_lair_shrubbed,
          enter_bailey_2, hangedman_little_slice_of_home
Temple:   eino_temple_rhombus

Skill      XL: |  1  2  3  4  5  6  7  8  9 |
---------------+----------------------------+-----
Unarmed Combat | 3 4 5 7 8 9 |  9.9
Necromancy     | 1 2 |  2.5
Fighting       | 3 4 6 |  6.0
Dodging        | 3 4 5 |  5.3
Charms         | 3 |  3.2
Invocations    | 5 |  5.7
Spellcasting   | |  2.4

Action                   |  1- 3 |  4- 6 |  7- 9 || total
-------------------------+-------+-------+-------++-------
Melee: Unarmed           |   127 |    58 |   171 ||   356
       Tailslap          |    17 |     8 |    23 ||    48
       Punch             |     1 |       |     9 ||    10
       Kick              |       |       |    15 ||    15
Throw: Javelin           |     2 |    11 |     5 ||    18
 Cast: Infusion          |     9 |     3 |    12 ||    24
       Shroud of Golubri |     8 |     9 |    21 ||    38
       Regeneration      |       |     1 |     4 ||     5
Invok: Bend Time         |       |       |     1 ||     1
       Temporal Distorti |       |       |     1 ||     1
 Abil: Breathe Dispellin |       |       |    12 ||    12
Evoke: Wand              |       |     7 |     4 ||    11
  Use: Potion            |     3 |     3 |     2 ||     8
       Scroll            |     4 |     2 |     8 ||    14
  Eat: Chunk             |       |     1 |     2 ||     3
       Meat ration       |       |     1 |       ||     1
Armor: Skin              |    37 |    17 |    65 ||   119
Dodge: Dodged            |    69 |    29 |   164 ||   262

Table legend:
 A = Spawn XP
 B = Non-spawn XP
 C = Spawn XP percentage of total XP
 D = Spawn monster count
 E = Non-spawn monster count
 F = Spawn count percentage of total count
 G = Total turns spent on level
                    A         B        C        D         E        F      G
               +---------+---------+-------+---------+---------+-------+---------
         Total |       0 |    4677 |   0.0 |       0 |      91 |   0.0 |  2435
               +---------+---------+-------+---------+---------+-------+---------
           D:1 |       0 |       7 |   0.0 |       0 |       5 |   0.0 |   228
           D:2 |       0 |      29 |   0.0 |       0 |      13 |   0.0 |   151
           D:3 |       0 |       4 |   0.0 |       0 |       3 |   0.0 |    92
           D:4 |       0 |      60 |   0.0 |       0 |      10 |   0.0 |   250
           D:5 |       0 |    1183 |   0.0 |       0 |      19 |   0.0 |   462
           D:6 |       0 |     347 |   0.0 |       0 |       7 |   0.0 |   474
           D:7 |       0 |    1192 |   0.0 |       0 |      24 |   0.0 |   589
           D:8 |       0 |    1308 |   0.0 |       0 |       7 |   0.0 |   119
           D:9 |       0 |     547 |   0.0 |       0 |       3 |   0.0 |    41
               +---------+---------+-------+---------+---------+-------+---------

Table legend:
 A = Turns spent in this place as a percentage of turns spent in the entire game.
 B = Non-inter-level travel turns spent in this place as a percentage of non-inter-level travel turns spent in the entire game.
 C = Inter-level travel turns spent in this place as a percentage of turns spent in this place.
 D = Turns resting spent in this place as a percentage of non-inter-level travel turns spent in this place.
 E = Turns spent auto-exploring this place as a percentage of non-inter-level travel turns spent in this place.
 F = Non-inter-level travel turns spent in this place divided by the number of levels of this place that you've seen.
                   A       B       C       D       E      F
               +-------+-------+-------+-------+-------+----------------------
         Total | 100.0 | 100.0 |   3.9 |   0.0 |   0.0 | 234.0
       Dungeon |  98.8 |  99.2 |   3.5 |   0.0 |   0.0 | 257.9
        Temple |   1.2 |   0.8 |  34.5 |   0.0 |   0.0 |  19.0
               +-------+-------+-------+-------+-------+----------------------

Table legend:
 A = Kills in this place as a percentage of kills in entire the game.
 B = Kills by you in this place as a percentage of kills by you in the entire game.
 C = Kills by friends in this place as a percentage of kills by friends in the entire game.
 D = Other kills in this place as a percentage of other kills in the entire game.
 E = Experience gained in this place as a percentage of experience gained in the entire game.
 F = Experience gained in this place divided by the number of levels of this place that you have seen.
                   A       B       C       D       E      F
               +-------+-------+-------+-------+-------+----------------------
         Total | 100.0 | 100.0 |   N/A |   N/A | 100.0 | 467.7
       Dungeon | 100.0 | 100.0 |   N/A |   N/A | 100.0 | 519.7
               +-------+-------+-------+-------+-------+----------------------

Vault maps used:
D:1:      enne_arrival_octagon_isle
D:2:      serial_undead, serial_undead_d, serial_undead_c, serial_undead_a,
          serial_undead_c
D:3:      nicolae_overflow_crystal_walls
D:4:      lemuel_castle_with_subvaults, minmay_temple_entry_crystal_x,
          first_bread
D:5:      gammafunk_temple_overflow_elements, cheibrodos_ashenzari_chains
D:6:      nicolae_gozag_seed_capital, grunt_ministairs_11, fedhas_altar_1,
          uniq_blork_the_orc
D:7:      serial_shops, nicolae_shop_waterfront
D:8:      nicolae_ru_great_annihilating_truth, david_lair_shrubbed,
          enter_bailey_2, hangedman_little_slice_of_home
Temple:   eino_temple_rhombus
